 Dungeon Crawl Stone Soup version 0.25-a0-565-g8875c97ebb (webtiles) character file.

Game seed: 7463229617069279289, levelgen mode: deterministic

4354 Flugslaktarn the Cleaver (level 10, -9/98 HPs)
             Began as a Deep Dwarf Fighter on Feb 26, 2020.
             Was a Believer of Makhleb.
             Mangled by a death knight
             ... wielding a +0 battleaxe
              (10 damage)
             ... on level 9 of the Dungeon.
             The game lasted 00:03:31 (4785 turns).

Flugslaktarn the Cleaver (Deep Dwarf Fighter)       Turns: 4785, Time: 00:03:31

Health: -9/98      AC: 12    Str: 24    XL:     10   Next: 12%
Magic:  7/7        EV:  8    Int:  8    God:    Makhleb [**....]
Gold:   158        SH:  0    Dex: 12    Spells: 9/9 levels left

rFire    + . .     SeeInvis .   y - +0 battleaxe
rCold    . . .     Gourm    .   (shield currently unavailable)
rNeg     . . .     Faith    .   A - +0 chain mail
rPois    +         Spirit   .   z - +0 helmet
rElec    .         Reflect  .   (no cloak)
rCorr    .         Harm     .   (no gloves)
MR       +....                  (no boots)
Stlth    ..........             (no amulet)
HPRegen  0.00/turn              o - ring of poison resistance
MPRegen  0.10/turn              f - ring of protection from fire

@: non-regenerating, hasted and slowed
A: damage resistance, heal wounds, sense surroundings 2, no regeneration
a: Heal Wounds, Minor Destruction, Renounce Religion


You were on level 9 of the Dungeon.
You worshipped Makhleb.
Makhleb was pleased with you.
You were not hungry.

You visited 2 branches of the dungeon, and saw 10 of its levels.

You collected 181 gold pieces.
You spent 23 gold pieces at shops.

Inventory:

Hand Weapons
 a - a +0 war axe
 y - a +0 battleaxe (weapon)
   (You found it on level 7 of the Dungeon)
Armour
 z - a +0 helmet (worn)
   (You found it on level 8 of the Dungeon)
 A - a +0 chain mail (worn)
   (You found it on level 8 of the Dungeon)
Jewellery
 f - a ring of protection from fire (right hand)
   (You found it on level 4 of the Dungeon)
 o - a ring of poison resistance (left hand)
   (You found it on level 7 of the Dungeon)
Wands
 v - a wand of enslavement (6)
   (You found it on level 6 of the Dungeon)
Scrolls
 g - a scroll of enchant armour
 l - a scroll of fog {unknown}
 r - 4 scrolls of identify
 t - 2 scrolls of teleportation
 u - a scroll of fear {unknown}
 w - 2 scrolls of remove curse {unknown}
 x - a scroll of noise {unknown}
Potions
 b - a potion of lignification {unknown}
 d - 2 potions of might
 h - 2 potions of haste
 i - 3 potions of brilliance {unknown}
 j - a potion of berserk rage {unknown}
 k - 2 potions of ambrosia
 m - a potion of mutation {unknown}
 n - a potion of resistance
 p - a potion of experience {unknown}
 q - 2 potions of curing
Comestibles
 c - 3 chunks of flesh
 e - 13 rations


   Skills:
 * Level 8.5 Fighting
 * Level 9.8 Axes
 + Level 7.5 Armour
   Level 3.7 Shields
 + Level 6.3 Invocations


You had 9 spell levels left.
You didn't know any spells.
Your spell library was empty.

Dungeon Overview and Level Annotations

Branches:
Dungeon (9/15)             Temple (1/1) D:6
   Lair: D:8-11         Orc: D:9-12

Altars:
Ashenzari
Cheibriados
Dithmenos
Elyvilon
Fedhas
Gozag
Hepliaklqana
Kikubaaqudgha
Makhleb
Okawaru
Ru
Sif Muna
Uskayaw
Wu Jian
Zin
The Shining One

Shops:
D:5 *

Annotations:
D:6 Prince Ribbit


Innate Abilities, Weirdness & Mutations

You are resistant to damage.
You can heal yourself by infusing magical energy.
You passively map the area around you.
You do not regenerate.


Message History

* * * LOW HITPOINT WARNING * * *
You are too injured to fight recklessly!
You are too injured to fight recklessly!
You are too injured to fight recklessly!
There are monsters nearby!
Unknown command.
There are monsters nearby!
You are too injured to fight recklessly!
Okay, then.
You feel yourself speed up.
The freezing wraith hits you but does no damage. x2
The death knight hits you with a +0 battleaxe!
* * * LOW HITPOINT WARNING * * *
The phantasmal warrior hits you but does no damage.
The skeletal warrior hits you from afar with a +4 halberd!
* * * LOW HITPOINT WARNING * * *
The freezing wraith hits you but does no damage. x2
The phantasmal warrior completely misses you.
The death knight hits you with a +0 battleaxe!
You die...

* * , ** , *
.# , ,.
####.#### ,
.##
#.(.....#**,
,
...#.......#.
,,, , *
#.#.........
,, , <
*.........# ,
, , , *
#W......# ***
* #.@.z...# *
,, ,*
#.Wp....#
###.##### ,
.# * , * *
##* ** , > ,
, , * * ,, ,
,** , , , ,,,
, , * , ,, ,
*


You could see a death knight, a skeletal warrior, a phantasmal warrior and a
freezing wraith.

Vanquished Creatures
  3 hippogriffs
  A wyvern (D:8)
  A spriggan (D:8)
  Grum (D:8)
  2 orc warriors (D:8)
  3 ice beasts
  3 ogres
  2 wolves (D:8)
  3 centaurs
  A big kobold (D:6)
  3 bullfrogs
  A wyvern skeleton (D:7)
  A water moccasin skeleton (D:7)
  2 scorpions
  10 killer bees
  5 wights (D:6)
  5 howler monkeys
  2 crimson imps
  A quasit (D:8)
  A centaur zombie (D:5)
  A centaur skeleton (D:7)
  2 orc priests (D:6)
  2 hounds (D:7)
  A jelly (D:7)
  8 orc wizards
  3 bullfrog skeletons
  Jessica (D:3)
  3 iguanas
  4 worker ants
  A killer bee zombie (D:7)
  A hound zombie (D:6)
  7 adders
  A shadow imp (D:6)
  An adder zombie (D:3)
  2 worms
  A dart slug (D:1)
  2 leopard geckos
  9 orcs
  A bat (D:1)
  2 giant cockroaches
  A goblin (D:3)
  A hobgoblin (D:3)
  11 jackals
  3 quokkas
  A frilled lizard (D:5)
  A giant cockroach zombie (D:5)
  A jackal skeleton (D:5)
  9 kobolds
  2 leopard gecko skeletons
  3 rats
137 creatures vanquished.

Vanquished Creatures (others)
  An orc wizard (D:7)
1 creature vanquished.

Grand Total: 138 creatures vanquished

Notes
Turn   | Place    | Note
-------+----------+-------------------------------------------
     0 | D:1      | Flugslaktarn the Deep Dwarf Fighter began the quest for the
                  | Orb.
     0 | D:1      | Reached XP level 1. HP: 20/20 MP: 1/1
   148 | D:3      | Noticed Jessica
   150 | D:3      | Killed Jessica
   150 | D:3      | Reached XP level 2. HP: 23/28 MP: 2/2
   150 | D:3      | Reached XP level 3. HP: 28/34 MP: 3/3
   162 | D:3      | Reached skill level 3 in Axes
   162 | D:3      | Reached XP level 4. HP: 25/42 MP: 4/4
   353 | D:4      | Found a glowing golden altar of the Shining One.
   566 | D:4      | Reached skill level 4 in Axes
   566 | D:4      | Reached XP level 5. HP: 36/50 MP: 3/3
  1239 | D:5      | Entered Level 5 of the Dungeon
  1440 | D:5      | Reached XP level 6. HP: 42/58 MP: 3/3
  1668 | D:5      | Found Qahep's Assorted Antiques.
  1671 | D:5      | Bought a scroll labeled VIEHYGERUR for 23 gold pieces
  1729 | D:5      | Found a shimmering blue altar of Sif Muna.
  1989 | D:5      | Found a blossoming altar of Fedhas.
  2065 | D:6      | Reached skill level 5 in Axes
  2160 | D:6      | Reached skill level 5 in Fighting
  2160 | D:6      | Reached XP level 7. HP: 37/67 MP: 3/3
  2196 | D:6      | Reached skill level 5 in Armour
  2206 | D:6      | Found a staircase to the Ecumenical Temple.
  2284 | Temple   | Entered the Ecumenical Temple
  2467 | Temple   | Became a worshipper of Makhleb the Destroyer
  2601 | D:6      | Reached skill level 6 in Axes
  2601 | D:6      | Reached skill level 1 in Invocations
  2776 | D:6      | Found an iron altar of Okawaru.
  2805 | D:6      | Reached XP level 8. HP: 35/76 MP: 4/4
  2890 | D:7      | Noticed Prince Ribbit
  2904 | D:6      | Reached * piety under Makhleb
  3083 | D:7      | Reached skill level 7 in Axes
  3153 | D:7      | Found an ornate altar of the Wu Jian Council.
  3336 | D:7      | Noticed a hippogriff
  3352 | D:7      | Killed a hippogriff
  3352 | D:7      | Reached skill level 8 in Axes
  3352 | D:7      | Gained mutation: You passively map the area around you.
                  | [Deep Dwarf growth]
  3352 | D:7      | Reached XP level 9. HP: 53/86 MP: 5/7
  3388 | D:7      | Found a glowing silver altar of Zin.
  3388 | D:7      | Noticed an angel
  3788 | D:8      | Reached ** piety under Makhleb
  3834 | D:8      | Found a hide-covered altar of Uskayaw.
  3875 | D:8      | Reached skill level 5 in Invocations
  3958 | D:8      | Noticed Grum
  3972 | D:8      | Killed Grum
  3972 | D:8      | Reached skill level 9 in Axes
  4447 | D:8      | Reached XP level 10. HP: 63/97 MP: 8/8
  4781 | D:9      | Noticed a death knight
  4781 | D:9      | Noticed a phantasmal warrior
  4781 | D:9      | Noticed a skeletal warrior
  4785 | D:9      | HP: 1/98 [skeletal warrior/+4 halberd[a death knight] (4)]
  4785 | D:9      | Mangled by a death knight

Levels and vault maps discovered:
D:1:      nicolae_arrival_memento_mori, layout_basic, amethyst_killhole,
          st_stairs_13
D:2:      layout_loops_ring, lemuel_zombie_altar_yredelemnul
D:3:      kennysheep_goblin_castle, layout_rooms,
          gammafunk_temple_overflow_claw, nemelex_altar_shiori,
          nicolae_overflow_crystal_walls, first_ration, uniq_jessica
D:4:      layout_basic, nicolae_tso_carved_into_rock
D:5:      layout_loops_ring, lemuel_coloured_pillars_altar,
          nicolae_overflow_hidden_temple, serial_shops, kennysheep_mini_moat
D:6:      layout_gridville, minmay_temple_entry_proselytizer, okawaru_trees_2
D:7:      layout_loops_ring, old_standard_altar, zin_angel, grunt_ministairs_10,
          uniq_prince_ribbit1
D:8:      layout_loops_corners, lemuel_doored_altar, the_bakery,
          grunt_ministairs_7, wad_dig_loot, uniq_grum
D:9:      layout_roguey, uniq_erolcha
Temple:   jpeg_temple_alley_garden

Skill      XL: |  1  2  3  4  5  6  7  8  9 |
---------------+----------------------------+-----
Fighting       | 3 4 5 7 8 |  8.5
Axes           | 3 4 5 6 8 9 |  9.8
Armour         | 4 5 6 7 |  7.5
Invocations    | 2 4 6 |  6.3
Shields        | |  3.7

Action                   |  1- 3 |  4- 6 |  7- 9 | 10-12 || total
-------------------------+-------+-------+-------+-------++-------
Melee: War axe           |    22 |   163 |   204 |       ||   389
       Battleaxe         |       |       |   136 |    55 ||   191
 Abil: Heal Wounds       |       |     7 |    20 |     4 ||    31
  Use: Scroll            |       |     8 |       |       ||     8
       Potion            |       |       |       |     1 ||     1
  Eat: Chunk             |       |     4 |     8 |     2 ||    14
Armor: Scale mail        |    10 |    78 |   158 |       ||   246
       Chain mail        |       |       |    50 |    41 ||    91
Dodge: Dodged            |     7 |    50 |   203 |    48 ||   308
Block: Kite shield       |     7 |    89 |   143 |       ||   239

Table legend:
 A = Non-vault XP
 B = Vault XP
 C = Vault XP percentage of total XP
 D = Non-vault monster count
 E = Vault monster count
 F = Vault count percentage of total count
                 A         B        C        D         E       F
            +---------+---------+-------+---------+---------+-------
      Total |    5025 |    1196 |  19.2 |     118 |      20 |  14.5
            +---------+---------+-------+---------+---------+-------
        D:1 |       7 |       0 |   0.0 |       3 |       0 |   0.0
        D:2 |       2 |       0 |   0.0 |       1 |       0 |   0.0
        D:3 |      95 |      37 |  28.0 |      16 |       1 |   5.9
        D:4 |     124 |       0 |   0.0 |       8 |       0 |   0.0
        D:5 |     279 |       0 |   0.0 |      12 |       0 |   0.0
        D:6 |     982 |     138 |  12.3 |      19 |       5 |  20.8
        D:7 |    1416 |       6 |   0.4 |      30 |       5 |  14.3
        D:8 |    2120 |    1015 |  32.4 |      29 |       9 |  23.7
            +---------+---------+-------+---------+---------+-------
